 Dungeon Crawl Stone Soup version 0.17.0-19-gb37c632 (webtiles) character file.

234 Enroth the Ducker (level 6, -5/42 HPs)
             Began as an Octopode Fighter on Nov 12, 2015.
             Slain by Enroth's ghost (8 damage)
             ... on level 3 of the Dungeon.
             The game lasted 00:07:01 (2536 turns).

Enroth the Ducker (Octopode Fighter)                Turns: 2536, Time: 00:07:01

Health: -5/42      AC:  1    Str: 15    XL:     6   Next: 5%
Magic:  6/6        EV: 10    Int: 10    God:
Gold:   137        SH: 13    Dex: 14    Spells: 0 memorised, 5 levels left

rFire  . . .     SeeInvis .     a - +0 long sword
rCold  . . .     Clarity  .     j - +0 large shield
rNeg   . . .     SustAt   .     (helmet restricted)
rPois  .         Gourm    .     (no amulet)
rElec  .         Spirit   .     e - ring of stealth
rCorr  .         Warding  .     (no ring)
rMut   .         Stasis   .     (no ring)
MR     .....                    (no ring)
Stlth  +++++.....               (no ring)
                                (no ring)
                                (no ring)
                                (no ring)

@: not resistant to hostile enchantments, quite stealthy
A: almost no armour, amphibious, 8 rings, constrict 8, camouflage 1, gelatinous
body 1
a: no special abilities


You were on level 3 of the Dungeon.
You were very hungry.

You visited 1 branch of the dungeon, and saw 4 of its levels.

You collected 137 gold pieces.

Inventory:

Hand Weapons
 a - a +0 long sword (weapon)
Armour
 j - a +0 large shield (worn)
Jewellery
 e - a ring of stealth (left tentacle)
Wands
 q - a wand of disintegration (15)
Scrolls
 i - a scroll of enchant weapon {unknown}
 n - a scroll of teleportation {unknown}
 p - 3 scrolls of identify {unknown}
 r - 2 scrolls of amnesia {unknown}
Potions
 c - a potion of might
 g - a potion of lignification {unknown}
 h - 2 potions of brilliance {unknown}
 l - a potion of resistance {unknown}
 m - a potion of curing {unknown}
 o - a potion of haste {unknown}
 s - a potion of invisibility {unknown}
 t - a potion of beneficial mutation {unknown}
Comestibles
 b - a beef jerky
 d - 6 bread rations
 f - a slice of pizza
 k - 2 fruits


   Skills:
 + Level 3.5 Fighting
 + Level 2.8 Long Blades
 + Level 4.3 Dodging
 + Level 3.7 Stealth
 * Level 4.0 Shields


You had 5 spell levels left.
You didn't know any spells.

Dungeon Overview and Level Annotations

Branches:
Dungeon (4/15)
 Temple: D:4-7

Altars:
Fedhas

Annotations:
D:3 Enroth's ghost, weakling FeTm


Innate Abilities, Weirdness & Mutations

You cannot wear most types of armour.
You are amphibious.
You can wear up to eight rings at the same time.
You can use your tentacles to constrict eight enemies at once.
Your skin changes colour to match your surroundings (Stealth).
Your rubbery body absorbs attacks (AC +1).


Message History

You barely miss Enroth's ghost.
Enroth's ghost is almost destroyed.
You block Enroth's ghost's attack.
You miss Enroth's ghost. Your squeeze misses Enroth's ghost.
Enroth's ghost is almost destroyed.
Enroth's ghost hits you. You block Enroth's ghost's attack.
You miss Enroth's ghost.
Enroth's ghost is almost destroyed.
Enroth's ghost hits you!
* * * LOW HITPOINT WARNING * * *
Your shield prevents you from hitting Enroth's ghost.
Your squeeze misses Enroth's ghost.
Enroth's ghost is almost destroyed.
You block Enroth's ghost's attack.
You barely miss Enroth's ghost.
Enroth's ghost is almost destroyed.
Enroth's ghost hits you.
* * * LOW HITPOINT WARNING * * *
Enroth's ghost hits you!
You die...

########### ....>.....########
####.#...........#############
###....##.######.##..........###
##..#....).# #(##......[.....#
###........#####.##..#######.#.##
# ##.).##.........<..######...#.#
# #...##......W@...#....^...###.
# #...##..........###.##.....#.#
# #...##...####.##.#.##.###.#.##
####...##...# #.###.##.####...#
##.....##...####.# #.##.##.....#
.......♣...>.....# #.##.##.##..#
##.#.##..PP.###### #.###.#.#.#.##
#.#.##....♣## #.# ##...##...
#.#.#P..♣.P.### #.# ##.######


You could see Enroth's ghost.

Vanquished Creatures
  An ogre (D:3)
  A hound skeleton (D:3)
  7 adders
  3 worms
  3 giant geckos
  4 orcs (D:3)
  3 giant cockroaches
  7 goblins
  7 hobgoblins
  4 jackals (D:1)
  9 kobolds
  2 ball pythons
  5 bats
  3 giant newts
  2 quokkas
  4 rats
65 creatures vanquished.

Notes
Turn   | Place    | Note
--------------------------------------------------------------
     0 | D:1      | Enroth the Octopode Fighter began the quest for the Orb.
     0 | D:1      | Reached XP level 1. HP: 16/16 MP: 1/1
    34 | D:1      | Reached XP level 2. HP: 13/21 MP: 2/2
   569 | D:1      | Reached XP level 3. HP: 26/26 MP: 3/3
  1094 | D:2      | Found a blossoming altar of Fedhas.
  1231 | D:2      | Reached skill level 1 in Stealth
  1231 | D:2      | Reached XP level 4. HP: 25/31 MP: 4/4
  1704 | D:3      | Reached skill level 4 in Dodging
  1862 | D:3      | Reached XP level 5. HP: 20/36 MP: 5/5
  1991 | D:3      | Noticed an ogre
  2001 | D:3      | Killed an ogre
  2060 | D:3      | Noticed Enroth's ghost (weakling FeTm)
  2067 | D:3      | Reached XP level 6. HP: 29/42 MP: 6/6
  2119 | D:3      | You fall through a shaft!
  2536 | D:3      | Slain by Enroth's ghost

Action                   |  1- 3 |  4- 6 || total
-------------------------+-------+-------++-------
Melee: Long sword        |    59 |    74 ||   133
 Stab: Sleeping          |     5 |    15 ||    20
  Eat: Chunk             |       |     4 ||     4
